 Dungeon Sprint DCSS version 0.22-a0-142-g91cc6d7 (webtiles) character file.

13883 esc the Unseen (level 12, -1/67 HPs)
             Began as a Kobold Enchanter on Feb 5, 2018.
             Was the Champion of Dithmenos.
             Slain by a lorocyproca (16 damage)
             ... in the Dungeon (Sprint I: "Red Sonja").
             The game lasted 00:20:26 (2455 turns).

esc the Unseen (Kobold Enchanter)                   Turns: 2455, Time: 00:20:27

Health: -1/67      AC:  9    Str:  8      XL:     12   Next: 38%
Magic:  0/25       EV: 26    Int: 16 (17) God:    Dithmenos [******]
Gold:   564        SH:  0    Dex: 20      Spells: 27/36 levels left

rFire    + . .     SeeInvis .   l - +2 dagger (venom)
rCold    . . .     Gourm    .   (shield restricted)
rNeg     + . .     Faith    .   n - +2 leather armour {rPois}
rPois    +         Spirit   +   (helmet restricted)
rElec    .         Reflect  .   p - scarf {Spirit}
rCorr    .         Harm     +   t - +2 pair of gloves {Dex+3}
MR       +....     Rnd*Rage +   (no boots) Stlth ++++++++++NoTele +
                                r - amulet of harm
HPRegen  0.21/turn              s - ring "Wamaygef" {rN+ MR+}
MPRegen  0.19/turn              o - +3 ring of protection

@: wreathed by umbra
A: small, antennae 1, berserk 1, blurry vision 3, carnivore, deformed body,
deterioration 1, fire resistance 1, frail 2, low mp 1, no potion heal 1, subdued
magic 1, MP-powered wands
a: Shadow Step, Shadow Form, Renounce Religion


You were in the Dungeon.
You worshipped Dithmenos.
Dithmenos was exalted by your worship.
You were completely stuffed.

You visited 1 branch You collected 1819 gold pieces.
You spent 1255 gold pieces at shops.

Inventory:

Hand Weapons
 a - a +1 dagger
 k - a +0 blowgun
   (You took it off Sonja in the Dungeon)
 l - a +2 dagger of venom (weapon)
   (You took it off Sonja in the Dungeon)
Missiles
 i - 9 curare-tipped needles
 q - 3 needles of sleeping
Armour
 n - a +2 leather armour of poison resistance (worn)
   (You found it in the Dungeon)
 p - a scarf of spirit shield (worn)
   (You bought it in a shop in the Dungeon)
 t - a +2 pair of gloves of dexterity (worn)
   (You bought it in a shop in the Dungeon)
Jewellery
 f - an uncursed ring of ice {rC+, rF-}
   (You found it in the Dungeon)
 o - a +3 ring of protection (right hand)
   (You bought it in a shop in the Dungeon)
 r - an amulet of harm (around neck)
   (You bought it in a shop in the Dungeon)
 s - the ring "Wamaygef" (left hand) {rN+ MR+}
   (You bought it in a shop in the Dungeon)

   [ring of protection from magic]

   It protects you from negative energy.
   It affects your resistance to hostile enchantments.
Scrolls
 b - a scroll of fear {unknown}
 j - 2 scrolls of blinking {!r}
Potions
 e - 2 potions of curing
 g - a potion of haste
 h - 2 potions of magic
Books
 c - a book of Maledictions
 m - a book of Conjurations
   (You found it in the Dungeon)
Comestibles
 d - 2 rations
 u - 3 chunks of flesh {@w0}


   Skills:
 + Level 13.1 Fighting
 + Level 15.1 Short Blades
 + Level 14.3 Dodging
 + Level 16.7 Stealth
 + Level 12.7 Spellcasting
 + Level 13.2 Hexes


You had 27 spell levels left.
You knew the following spells:

 Your Spells              Type           Power        Failure   Level  Hunger
a - Ensorcelled Hibernat  Hex/Ice        ###...       1%          2    None
b - Dazzling Spray        Conj/Hex       ###...       1%          3    None
c - Confuse               Hex            #####...     1%          3    None
v - Corona                Hex            #####..      1%          1    None


Dungeon Overview and Level Annotations

Branches:
Dungeon (1/1)

Altars:
Cheibriados
Dithmenos
Elyvilon
Fedhas
Gozag
Hepliaklqana
Kikubaaqudgha
Makhleb
Nemelex Xobeh
Okawaru
Qazlal
Ru
Sif Muna
Trog
Uskayaw
Vehumet
Wu Jian
Xom
Yredelemnul
Zin
The Shining One
Jiyva
Lugonu

Shops:
D =(*:%:(}*[?}((*=[?%[:


Innate Abilities, Weirdness & Mutations

You are small and have problems with some larger weapons.
You are carnivorous and can eat meat at any time.
You have a pair of small antennae on your head.
You tend to lose your temper in combat.
Scrolls take you much longer to read.
Armour fits poorly on your strangely shaped body.
Your body sometimes deteriorates upon taking damage.
Your flesh is heat resistant. (rF+)
You are very frail. (-20% HP)
Your magical capacity is low. (-10% MP)
Potions are less effective at restoring your health.
Your spells are a little easier to cast, but a little less powerful.
You expend magic power (3 MP) to strengthen your wands.


Message History

There is an open door, spattered with blood here.
Items here: ÷÷÷÷ a hog skeleton x4
There is an open door here.
You open the door.
A gargoyle comes into view. It is wielding a mace.
You found an arrow trap!
There is an open door here.
You found an arrow trap!
An arrow shoots out and hits you!
There is an arrow trap here.
A red film seems to cover your vision as you go berserk!
You feel yourself moving faster!
You feel mighty!
The helpless gargoyle fails to defend itself.
You spit the gargoyle like a pig!!!!!
You destroy the gargoyle!
Dithmenos accepts your kill.
You now have 99/99 hp.
You see here a mace.
You feel a strong urge to attack something.
You feel your anger nearly subside.
You are no longer berserk.
You are exhausted.
You feel yourself slow down.
You now have 66/66 hp.
You start waiting.
You feel yourself speed up.
You start waiting.
You recover from your berserk rage.
You open the door.
There is an open door here.
You avoid triggering an arrow trap.
There is an arrow trap here.
You open the door.
A meliai comes into view. It is wielding a hand axe.
Some of the chunks of flesh in your inventory have rotted away.
You found an arrow trap!
There is an open door here.
Deactivating autopickup; reactivate with Ctrl-A.
You hit something but do no damage. Something hits you!
You feel your power leaking away.
You take 11 damage, and have 55/66 hp.
You now have 8/25 mp.
Unknown command.
Unknown command.
There is an open door here.
An arrow shoots out and hits you!
There is an arrow trap here.
You take 2 damage, and have 54/66 hp.
You can't see any susceptible monsters within range! (Use Z to cast anyway.)
The spray of energy hits something.
Something barely misses you.
You now have 6/25 mp.
The spray of energy hits something.
Something completely misses you.
You now have 3/25 mp.
The spray of energy hits something.
Your shadow mimicks your spell!
Something misses you.
You now have 0/25 mp.
You hit something but do no damage. Your shadow misses something.
Something completely misses you.
You miss something.
Your shadow barely misses something.
You closely miss something. Something hits you but does no damage.
You barely miss something.
Your shadow hits something but does no damage.
You miss something.
Your shadow hits something with a dagger.
Something closely misses you.
You closely miss something. You hit something but do no damage.
Something hits you but does no damage.
You hit something.
Your shadow hits something but does no damage.
You hit something but do no damage. Something hits you!
Your body deteriorates!
You feel dopey.
You feel your power leaking away.
Some of the chunks of flesh in your inventory have rotted away.
You take 10 damage, and have 46/66 hp.
You now have 0/25 mp.
Unknown command.
You hit something but do no damage.
Your shadow hits something but does no damage.
You hit something but do no damage. Something barely misses you.
You hit something but do no damage. You hit something but do no damage.
Your shadow closely misses something.
Something hits you!!
* * * LOW HITPOINT WARNING * * *
You emit a cloud of dark smoke.
You take 31 damage, and have 15/66 hp.
MASSIVE DAMAGE!!
Okay, then.
Really walk into that arrow trap?
Okay, then.
Really walk into that arrow trap?
Okay, then.
Okay, then.
Your system partially rejects the healing.
You feel better. Something hits you!
* * * LOW HITPOINT WARNING * * *
You emit a cloud of dark smoke.
You take 7 damage, and have 8/67 hp.
Your system partially rejects the healing.
You feel better. Something hits you!
You die...

###############################
..#__#..'..)#.(#§§§§§§.§§§.'..#
..'^.'..#...##'#§####§§§.§##..+
#'#__####)..'..#§# ###..§######
#)####§§#####..§.#+#$###+#
#§#≈≈§†§#§.##'####..$#y#
_.§§§§§§§§.#§..§@#..$###
._#≈§≈§)#§.#...§§{..$$$#
#'##'#####§###.§§#^....#
#[#[...###§§.#§§§###++##
####'###[###§#^§##
.'.....'.∩##.#.§#
.###########.##'#
###...§§§§##§##(#
#.#......§§§.####


There were no monsters in sight!

Vanquished Creatures
  A hydra (D)
  2 centaur warriors (D)
  Sonja (D)
  A deep troll (D)
  2 unseen horrors (D)
  A lindwurm (D)
  An oklob plant (D)
  8 shining eyes (D)
  A gargoyle (D)
  4 demonic crawlers (D)
  2 kobold demonologists (D)
  A hornet (D)
  A slime creature (D)
  Sigmund (D)
  2 redbacks (D)
  13 hogs (D)
  A yak (D)
  7 floating eyes (D)
  7 necrophages (D)
  An ogre (D)
  8 jellies (D)
  Ijyb (D)
  2 ballistomycetes (D)
69 creatures vanquished.

Vanquished Creatures (others)
  2 ballistomycete spores (D)
2 creatures vanquished.

Grand Total: 71 creatures vanquished

Notes
Turn   | Place    | Note
-------+----------+-------------------------------------------
     0 | D        | esc the Kobold Enchanter began the quest for the Orb.
     0 | D        | Reached XP level 1. HP: 10/10 MP: 3/3
     2 | D        | Noticed Ijyb
    13 | D        | Killed Ijyb
    13 | D        | Reached skill level 4 in Spellcasting
    13 | D        | Reached skill level 5 in Hexes
    13 | D        | Reached XP level 2. HP: 6/15 MP: 3/7
    13 | D        | Reached XP level 3. HP: 8/19 MP: 3/9
    21 | D        | Learned a level 2 spell: Ensorcelled Hibernation
    25 | D        | Learned a level 3 spell: Confuse
    29 | D        | Learned a level 3 spell: Dazzling Spray
   215 | D        | Noticed an ogre
   222 | D        | Killed an ogre
   222 | D        | Reached skill level 3 in Fighting
   222 | D        | Reached skill level 3 in Short Blades
   222 | D        | Reached skill level 4 in Dodging
   222 | D        | Reached skill level 5 in Stealth
   222 | D        | Reached skill level 5 in Spellcasting
   222 | D        | Reached XP level 4. HP: 28/28 MP: 8/11
   222 | D        | Reached XP level 5. HP: 32/32 MP: 8/12
   255 | D        | Noticed Sigmund
   257 | D        | Killed Sigmund
   257 | D        | Reached skill level 5 in Fighting
   257 | D        | Reached skill level 6 in Short Blades
   257 | D        | Reached skill level 5 in Dodging
   257 | D        | Reached skill level 7 in Stealth
   257 | D        | Reached skill level 6 in Spellcasting
   257 | D        | Reached skill level 6 in Hexes
   257 | D        | Reached XP level 6. HP: 40/40 MP: 13/15
   269 | D        | Found an ornate altar of the Wu Jian Council.
   269 | D        | Found a deep blue altar of Sif Muna.
   271 | D        | Found a radiant altar of Vehumet.
   301 | D        | Found Gufrimiv's Book Emporium.
   301 | D        | Found an ancient bone altar of Kikubaaqudgha.
   301 | D        | Found a hazy altar of Hepliaklqana.
   301 | D        | Found a stormy altar of Qazlal.
   301 | D        | Found a hide-covered altar of Uskayaw.
   301 | D        | Found a blossoming altar of Fedhas.
   301 | D        | Found a bloodstained altar of Trog.
   301 | D        | Found an iron altar of Okawaru.
   301 | D        | Found a basalt altar of Yredelemnul.
   301 | D        | Found a glowing golden altar of the Shining One.
   301 | D        | Found a snail-covered altar of Cheibriados.
   301 | D        | Found a sacrificial altar of Ru.
   301 | D        | Found a glowing silver altar of Zin.
   301 | D        | Found a shadowy altar of Dithmenos.
   301 | D        | Found a white marble altar of Elyvilon.
   301 | D        | Noticed a yak
   302 | D        | Found an opulent altar of Gozag.
   303 | D        | Killed a yak
   303 | D        | Reached skill level 7 in Short Blades
   303 | D        | Reached skill level 6 in Dodging
   303 | D        | Reached skill level 8 in Stealth
   303 | D        | Reached skill level 7 in Spellcasting
   303 | D        | Reached skill level 7 in Hexes
   303 | D        | Reached XP level 7. HP: 45/45 MP: 13/17
   304 | D        | Found a sparkling altar of Nemelex Xobeh.
   312 | D        | Became a worshipper of Dithmenos the Shadowed
   326 | D        | Found a burning altar of Makhleb.
   326 | D        | Found a viscous altar of Jiyva.
   326 | D        | Found a shimmering altar of Xom.
   326 | D        | Found a corrupted altar of Lugonu.
   326 | D        | Noticed a slime creature
   338 | D        | Killed a slime creature
   338 | D        | Reached skill level 6 in Fighting
   338 | D        | Reached skill level 7 in Dodging
   338 | D        | Reached skill level 9 in Stealth
   338 | D        | Reached skill level 8 in Hexes
   538 | D        | Noticed a kobold demonologist
   539 | D        | Noticed a kobold demonologist
   541 | D        | Reached skill level 8 in Short Blades
   541 | D        | Reached XP level 8. HP: 52/52 MP: 19/19
   542 | D        | Killed a kobold demonologist
   542 | D        | Reached * piety under Dithmenos
   542 | D        | Reached skill level 7 in Fighting
   542 | D        | Reached skill level 8 in Dodging
   542 | D        | Reached skill level 10 in Stealth
   542 | D        | Reached skill level 8 in Spellcasting
   544 | D        | Killed a kobold demonologist
   544 | D        | Reached skill level 9 in Short Blades
   544 | D        | Reached skill level 9 in Hexes
   563 | D        | Noticed Sonja
   567 | D        | Killed Sonja
   567 | D        | Reached skill level 8 in Fighting
   567 | D        | Reached skill level 10 in Short Blades
   567 | D        | Reached skill level 9 in Dodging
   567 | D        | Reached skill level 11 in Stealth
   567 | D        | Reached skill level 9 in Spellcasting
   567 | D        | Reached XP level 9. HP: 60/60 MP: 20/22
   590 | D        | HP: 9/60 [something (28)]
   860 | D        | Noticed a deep troll
   864 | D        | Killed a deep troll
   864 | D        | Reached ** piety under Dithmenos
   864 | D        | Reached skill level 9 in Fighting
   864 | D        | Reached skill level 10 in Dodging
   864 | D        | Reached skill level 12 in Stealth
   864 | D        | Reached skill level 10 in Hexes
   887 | D        | Found Roikhuec's Armour Emporium.
   892 | D        | Bought a scarf of spirit shield for 126 gold pieces
  1029 | D        | Noticed a centaur warrior
  1029 | D        | Noticed a centaur warrior
  1032 | D        | Killed a centaur warrior
  1032 | D        | Reached skill level 11 in Short Blades
  1032 | D        | Reached XP level 10. HP: 68/68 MP: 23/23
  1033 | D        | Killed a centaur warrior
  1033 | D        | Reached skill level 10 in Fighting
  1033 | D        | Reached skill level 11 in Dodging
  1033 | D        | Reached skill level 13 in Stealth
  1033 | D        | Reached skill level 10 in Spellcasting
  1051 | D        | Reached *** piety under Dithmenos
  1061 | D        | Noticed an oklob plant
  1063 | D        | Killed an oklob plant
  1063 | D        | Reached skill level 12 in Short Blades
  1077 | D        | Reached skill level 11 in Hexes
  1120 | D        | Found Osow's Jewellery Boutique.
  1128 | D        | Bought an uncursed amulet of harm for 300 gold pieces
  1128 | D        | Bought the ring "Wamaygef" {rN+ MR+} for 362 gold pieces
  1136 | D        | Noticed a shining eye
  1136 | D        | Noticed a shining eye
  1136 | D        | Noticed a shining eye
  1137 | D        | Noticed a shining eye
  1137 | D        | Noticed a shining eye
  1137 | D        | Noticed a shining eye
  1137 | D        | Noticed a shining eye
  1139 | D        | Noticed a shining eye
  1141 | D        | Gained mutation: Scrolls take you a little longer to read. [a shining eye]
  1142 | D        | Reached **** piety under Dithmenos
  1143 | D        | Gained mutation: You expend magic power (3 MP) to strengthen your wands. [a shining eye]
  1144 | D        | Gained mutation: You are frail. (-10% HP) [a shining eye]
  1144 | D        | Lost mutation: You expend magic power (3 MP) to strengthen your wands. [a shining eye]
  1145 | D        | Reached skill level 14 in Stealth
  1145 | D        | Gained mutation: Your body sometimes deteriorates upon taking damage. [a shining eye]
  1148 | D        | Killed a shining eye
  1151 | D        | Killed a shining eye
  1151 | D        | Reached skill level 11 in Fighting
  1151 | D        | Reached skill level 12 in Dodging
  1151 | D        | Reached XP level 11. HP: 66/66 MP: 22/25
  1152 | D        | Gained mutation: Scrolls take you longer to read. [a shining eye]
  1153 | D        | Gained mutation: You are agile. (Dex +2) [a shining eye]
  1154 | D        | Lost mutation: You are agile. (Dex +2) [a shining eye]
  1158 | D        | Gained mutation: Your magical capacity is low. (-10% MP) [a shining eye]
  1165 | D        | Gained mutation: Potions are less effective at restoring your health. [a shining eye]
  1180 | D        | Gained mutation: You tend to lose your temper in combat. [a shining eye]
  1183 | D        | Gained mutation: Your flesh is heat resistant. (rF+) [a shining eye]
  1186 | D        | Gained mutation: Scrolls take you much longer to read. [a shining eye]
  1190 | D        | Killed a shining eye
  1190 | D        | Reached ***** piety under Dithmenos
  1190 | D        | Reached skill level 11 in Spellcasting
  1198 | D        | Gained mutation: Your spells are a little easier to cast, but a little less powerful. [a shining eye]
  1204 | D        | Killed a shining eye
  1204 | D        | Reached skill level 13 in Short Blades
  1207 | D        | Killed a shining eye
  1220 | D        | Gained mutation: You have a pair of small antennae on your head. [a shining eye]
  1253 | D        | Gained mutation: Armour fits poorly on your strangely shaped body. [a shining eye]
  1259 | D        | Gained mutation: You are very frail. (-20% HP) [a shining eye]
  1264 | D        | Killed a shining eye
  1276 | D        | Gained mutation: You expend magic power (3 MP) to strengthen your wands. [a shining eye]
  1290 | D        | Killed a shining eye
  1290 | D        | Reached skill level 15 in Stealth
  1308 | D        | Killed a shining eye
  1308 | D        | Reached skill level 12 in Hexes
  1310 | D        | Found Oluafesh's Weapon Shoppe.
  1310 | D        | Found Xoly's Food Shop.
  1310 | D        | Found Etoudig's Assorted Antiques.
  1310 | D        | Found Ikhiluveu's Book Boutique.
  1334 | D        | Bought a yellow potion for 19 gold pieces
  1436 | D        | Killed an unseen horror
  1436 | D        | Reached skill level 13 in Dodging
  1446 | D        | HP: 10/60 [something (9)]
  1451 | D        | HP: 14/60 [something (7)]
  1456 | D        | Killed an unseen horror
  1456 | D        | Reached skill level 12 in Fighting
  1644 | D        | Reached ****** piety under Dithmenos
  1705 | D        | Reached skill level 14 in Short Blades
  1802 | D        | Found Wirgh's Magic Scroll Boutique.
  1802 | D        | Found Xeki's Food Emporium.
  1804 | D        | Found Doodeo's Book Emporium.
  1859 | D        | Found Qaydeymp's Gadget Shoppe.
  1859 | D        | Found Unisk's Weapon Shop.
  1859 | D        | Found Igyeckua's Assorted Antiques.
  1861 | D        | Found Udghu's Antique Armour Emporium.
  1861 | D        | Found Feqegam's Magic Scroll Shop.
  1861 | D        | Found Oxtil's Gadget Shoppe.
  1861 | D        | Found Daucsacs's Antique Weapon Boutique.
  1861 | D        | Found Plog's Weapon Emporium.
  1861 | D        | Found Wofra's General Store.
  1861 | D        | Found Iqolih's Jewellery Shoppe.
  1879 | D        | Bought a viscous sapphire potion for 22 gold pieces
  1880 | D        | Found Naryser's Antique Armour Boutique.
  1894 | D        | Bought a +3 ring of protection for 231 gold pieces
  1897 | D        | Bought a pair of glowing gloves for 195 gold pieces
  1944 | D        | Reached skill level 12 in Spellcasting
  2155 | D        | Noticed a lindwurm
  2159 | D        | Killed a lindwurm
  2159 | D        | Reached skill level 16 in Stealth
  2159 | D        | Reached XP level 12. HP: 64/64 MP: 25/25
  2194 | D        | Reached skill level 14 in Dodging
  2221 | D        | Reached skill level 13 in Hexes
  2358 | D        | Noticed a 12-headed hydra
  2360 | D        | Killed a 12-headed hydra
  2360 | D        | Reached skill level 13 in Fighting
  2360 | D        | Reached skill level 15 in Short Blades
  2453 | D        | HP: 15/66 [something (31)]
  2455 | D        | Slain by a lorocyproca

Vault maps used:
D:        dungeon_sprint_1

Skill      XL: |  1  2  3  4  5  6  7  8  9 10 11 12 |
---------------+-------------------------------------+-----
Spellcasting   | 4 5 6 7 9 10 12 | 12.7
Hexes          | 5 6 7 8 9 10 11 12 13 | 13.2
Fighting       | 3 5 6 8 9 11 12 13 | 13.1
Short Blades   | 3 6 7 8 10 11 12 14 15 | 15.1
Dodging        | 4 5 6 7 9 10 12 13 14 | 14.3
Stealth        | 5 7 8 9 11 12 14 16 | 16.7

Action                   |  1- 3 |  4- 6 |  7- 9 | 10-12 || total
-------------------------+-------+-------+-------+-------++-------
Melee: Dagger            |    11 |     3 |    30 |   205 ||   249
 Fire: Blowgun           |       |       |     1 |       ||     1
 Cast: Ensorcelled Hiber |     1 |     3 |     5 |    17 ||    26
       Dazzling Spray    |       |       |     1 |    25 ||    26
       Confuse           |       |       |       |     7 ||     7
Invok: Shadow Step       |       |       |       |     4 ||     4
  Use: Potion            |     1 |       |       |     5 ||     6
 Stab: Sleeping          |     2 |     3 |     7 |    33 ||    45
       Confused          |       |       |       |     4 ||     4
       Invisible         |       |       |       |     4 ||     4
       Distracted        |       |       |       |     3 ||     3
  Eat: Chunk             |       |     5 |     4 |     4 ||    13
Armor: Troll leather arm |       |       |       |     7 ||     7
       Leather armour    |       |       |       |    10 ||    10
Dodge: Dodged            |     3 |     1 |       |   129 ||   133

Table legend:
 A = Spawn XP
 B = Non-spawn XP
 C = Spawn XP percentage of total XP
 D = Spawn monster count
 E = Non-spawn monster count
 F = Spawn count percentage of total count
 G = Total turns spent on level
                    A         B        C        D         E        F      G
               +---------+---------+-------+---------+---------+-------+---------
         Total |       0 |   19834 |   0.0 |       0 |      67 |   0.0 |  2455
               +---------+---------+-------+---------+---------+-------+---------
             D |       0 |   19834 |   0.0 |       0 |      67 |   0.0 |  2455
               +---------+---------+-------+---------+---------+-------+---------

Vault maps used:
D:        dungeon_sprint_1

Table legend:
 A = Turns spent in this place as a percentage of turns spent in the entire game.
 B = Non-inter-level travel turns spent in this place as a percentage of non-inter-level travel turns spent in the entire game.
 C = Inter-level travel turns spent in this place as a percentage of turns spent in this place.
 D = Turns resting spent in this place as a percentage of non-inter-level travel turns spent in this place.
 E = Turns spent auto-exploring this place as a percentage of non-inter-level travel turns spent in this place.
 F = Non-inter-level travel turns spent in this place divided by the number of levels of this place that you've seen.
                   A       B       C       D       E      F
               +-------+-------+-------+-------+-------+----------------------
         Total | 100.0 | 100.0 |   3.0 |  50.7 |   0.0 | 2382.0
       Dungeon | 100.0 | 100.0 |   3.0 |  50.7 |   0.0 | 2382.0
               +-------+-------+-------+-------+-------+----------------------

Table legend:
 A = Kills in this place as a percentage of kills in entire the game.
 B = Kills by you in this place as a percentage of kills by you in the entire game.
 C = Kills by friends in this place as a percentage of kills by friends in the entire game.
 D = Other kills in this place as a percentage of other kills in the entire game.
 E = Experience gained in this place as a percentage of experience gained in the entire game.
 F = Experience gained in this place divided by the number of levels of this place that you have seen.
                   A       B       C       D       E      F
               +-------+-------+-------+-------+-------+----------------------
         Total | 100.0 | 100.0 |   N/A |   N/A | 100.0 | 19834.0
       Dungeon | 100.0 | 100.0 |   N/A |   N/A | 100.0 | 19834.0
               +-------+-------+-------+-------+-------+----------------------
